AoeStats
← Sr. Matanza

Arena

510037717Analyzed
1v1 RM · 3d ago on Sep 29, 2026· 40m 9s· 2 players
Game mode
Random Map
Map size
Tiny (2 player)
Population
200
Speed
Normal
Resources
Standard
Victory
Conquest
Starting age
Dark Age
Ending age
Imperial Age
RankedLock teamsTeams togetherTeam positionsShared explorationLock speedFull tech treeHidden civsTurbo modeCheats
Victory
Defeat
🇦🇷 Inca · Argentina
732
+16
🇨🇳 Khmer · China
724
-16
Rustin
8:54 Feudal Age
10:01 Double-Bit Axe
15:38 Castle Age
14:12 Stone Mining
19:19 Husbandry
30:35 Gold Mining
35:04 Imperial Age
32:21 Loom
33:11 Wheelbarrow
35:59 Cavalier
38:23 Bow Saw
37:57 Horse Collar
Sr. Matanza
9:18 Feudal Age
12:36 Double-Bit Axe
15:14 Loom
18:15 Castle Age
16:47 Forging
18:37 Scale Mail Armor
18:34 Champi Runner
22:00 Champi Warrior
25:21 Fletching
32:36 Imperial Age
30:37 Bodkin Arrow
30:43 Padded Archer Armor
31:49 Bow Saw
33:06 Iron Casting
32:46 Chain Mail Armor
32:00 Pikeman
33:52 Halberdier
35:33 Crossbowman
36:18 Thumb Ring
38:16 Bracer
38:42 Ballistics
38:15 Guard Tower
38:57 Squires
39:53 Conscription
Connection lost

Rejoining the realm…

Still unreachable

The connection could not be restored.

Session expired

The server has moved on; the page needs a fresh start.